 Dungeon Crawl Stone Soup version 0.31.0-11-ge490571c62 (webtiles) character file.

Game seed: 1236721620182981320

158 DeltaZero the Conjurer (level 5, -8/28 HPs)
             Began as a Deep Elf Conjurer on Feb 7, 2024.
             Killed from afar by an orc wizard (9 damage)
             ... with a magic dart
             ... on level 5 of the Dungeon.
             The game lasted 00:07:24 (2470 turns).

DeltaZero the Conjurer (Deep Elf Conjurer)          Turns: 2470, Time: 00:07:24

Health: -8/28      AC:  2    Str:  4    XL:     5   Next: 16%
Magic:  4/12       EV: 12    Int: 25    God:
Gold:   135        SH:  0    Dex: 13    Spells: 10/13 levels left

rFire   . . .        (no weapon)
rCold   . . .        (no shield)
rNeg    . . .        a - +0 robe
rPois   .            (no helmet)
rElec   .            (no cloak)
rCorr   .            (no gloves)
SInv    .            (no boots)
Will    .....        (no amulet)
Stlth   ++           (no ring)
HPRegen 0.24/turn    (no ring)
MPRegen 0.13/turn

%: no passive effects
@: no status effects
A: claws 1, low MP 1
a: no special abilities


You were on level 5 of the Dungeon.
You visited 1 branch of the dungeon, and saw 5 of its levels.

You collected 135 gold pieces.

Inventory:

Armour
 a - a +0 robe (worn)
Jewellery
 i - a ring of magical power
Scrolls
 c - 3 scrolls of immolation {unknown}
 d - a scroll of silence {unknown}
 e - a scroll of blinking {unknown}
 f - a scroll of revelation {unknown}
 g - 2 scrolls of identify {unknown}
 j - a scroll of poison {unknown}
Potions
 b - a potion of magic
 h - a potion of resistance {unknown}
 k - a potion of enlightenment {unknown}


   Skills:
 + Level 2.7 Dodging
 + Level 2.8 Stealth
 + Level 4.7 Spellcasting
 + Level 6.1 Conjurations


You had 10 spell levels left.
You knew the following spells:

 Your Spells              Type           Power      Damage    Failure   Level
a - Magic Dart            Conj           100%       1d8       1%          1
b - Blink                 Tloc           10%        N/A       13%         2

Your spell library contained the following spells:

 Spells                   Type           Power      Damage    Failure   Level
 Searing Ray              Conj           72%        2d7       1%          2
 Shock                    Conj/Air       84%        1d8       2%          1
 Momentum Strike          Conj/Tloc      42%        3d9       3%          2
 Lesser Beckoning         Tloc           10%        N/A       13%         2
 Fulminant Prism          Conj/Alch      10%        3d9       24%         4
 Iskenderun's Mystic Bla  Conj/Tloc      21%        2d6       24%         4
 Summon Ice Beast         Ice/Summ       5%         N/A       26%         3
 Swiftness                Air            5%         N/A       26%         3
 Airstrike                Air            2%         2d(1-17)  63%         4
 Summon Mana Viper        Hex/Summ       5%         N/A       93%         5
 Monstrous Menagerie      Summ           2%         N/A       100%        7


Dungeon Overview and Level Annotations

Branches:
Dungeon (5/15)
 Temple: D:4-7

Altars:

Shops:
D:2 *

Annotations:
D:3 Robin


Innate Abilities, Weirdness & Mutations

You have sharp fingernails.
Your magical capacity is low. (-10% MP)


Message History

You can't see any susceptible monsters within range! (Use Z to cast anyway.)
An orc wizard comes into view. It is wielding a +0 dagger.
The magic dart hits the orc wizard.
The orc wizard is lightly wounded.
The magic dart hits the orc wizard.
The orc wizard is heavily wounded.
You are out of magic!
You are out of magic!
You are out of magic!
You are out of magic!
The orc wizard gestures at you while chanting.
You resist with some effort.
The orc wizard gestures at you while chanting.
You are confused.
You feel less confused.
The orc wizard gestures wildly while chanting.
The orc wizard flickers and vanishes!
Deactivating autopickup; reactivate with Ctrl-A.
Something tries to affect you, but you resist.
Casting: Magic Dart (safe; 1% risk of failure)
Confirm with . or Enter, or press ? or * to list all spells.
You can't see any susceptible monsters within range! (Use Z to cast anyway.)
A puff of flame appears from out of thin air!
The puff of flame hits you! Something hits you.
* * * LOW HITPOINT WARNING * * *
You miss something. Your claw misses something.
Something hits you but does no damage.
You scratch something. Something hits you.
* * * LOW HITPOINT WARNING * * *
You scratch something. Something hits you.
* * * LOW HITPOINT WARNING * * *
You miss something. Something hits you.
* * * LOW HITPOINT WARNING * * *
You scratch something. Something hits you but does no damage.
You scratch something.
You hear some strange, mumbled words.
A magic dart appears from out of thin air!
The magic dart hits you!
You die...

##### #...##
###....### .
#.....#..# ##...
###..##..######....#
##........##........
#...................
#...@..#.....##.....#
#...{..#>............
#..#......##.....>...
##.#...(....)......#.
###...............###
##.##.....†...........
#..............)>.....
#.....................
##.................##.


There were no monsters in sight!

Vanquished Creatures
  2 bombardier beetles
  3 adders
  A dart slug (D:2)
  5 orcs (D:5)
  6 endoplasms
  A giant cockroach (D:1)
  5 hobgoblins
  3 jackals (D:2)
  4 ball pythons
  8 bats
  5 frilled lizards
  7 goblins
  4 kobolds
  2 rats (D:2)
56 creatures vanquished.

Notes
Turn   | Place    | Note
-------+----------+-------------------------------------------
     0 | D:1      | DeltaZero the Deep Elf Conjurer began the quest for the
                  | Orb.
     0 | D:1      | Reached XP level 1. HP: 10/10 MP: 6/6
   243 | D:1      | Reached XP level 2. HP: 15/15 MP: 6/8
  1080 | D:1      | Learned a level 2 spell: Blink
  1138 | D:2      | Reached skill level 5 in Conjurations
  1243 | D:2      | Found Luzeizisiw's General Store.
  1253 | D:2      | Reached XP level 3. HP: 19/19 MP: 5/10
  1665 | D:2      | Gained mutation: You have an increased reservoir of magic.
                  | (+10% MP) [potion of mutation]
  1665 | D:2      | Gained mutation: You occasionally lose the ability to drink
                  | potions when taking damage. [potion of mutation]
  1665 | D:2      | Gained mutation: Your muscles are strong. (Str +4, Int/Dex
                  | -1) [potion of mutation]
  1666 | D:2      | Lost mutation: You occasionally lose the ability to drink
                  | potions when taking damage. [potion of mutation]
  1666 | D:2      | Lost mutation: You have an increased reservoir of magic.
                  | (+10% MP) [potion of mutation]
  1666 | D:2      | Lost mutation: Your muscles are strong. (Str +4, Int/Dex
                  | -1) [potion of mutation]
  1666 | D:2      | Gained mutation: You are partially covered in iridescent
                  | scales. (AC +2) [potion of mutation]
  1666 | D:2      | Gained mutation: You occasionally lose the ability to read
                  | scrolls when taking damage. [potion of mutation]
  1667 | D:2      | Lost mutation: You are partially covered in iridescent
                  | scales. (AC +2) [potion of mutation]
  1667 | D:2      | Lost mutation: You occasionally lose the ability to read
                  | scrolls when taking damage. [potion of mutation]
  1667 | D:2      | Gained mutation: You have sharp fingernails. [potion of
                  | mutation]
  1667 | D:2      | Gained mutation: Your magical capacity is low. (-10% MP)
                  | [potion of mutation]
  1720 | D:3      | Reached XP level 4. HP: 24/24 MP: 4/10
  1922 | D:3      | Noticed Robin
  2176 | D:4      | Noticed an ogre
  2225 | D:5      | Entered Level 5 of the Dungeon
  2291 | D:5      | Reached skill level 6 in Conjurations
  2291 | D:5      | Reached XP level 5. HP: 28/28 MP: 3/12
  2468 | D:5      | HP: 1/28 [something (4)]
  2470 | D:5      | Killed from afar by an orc wizard

Illustrated notes

Levels and vault maps discovered:
D:1:      sevenhm_arrival_forest_fort_large_3, layout_basic
D:2:      layout_rooms, serial_shops, shop
D:3:      layout_basic, gammafunk_ghost_mausoleum, uniq_robin
D:4:      minmay_opposing_rooms, layout_basic, minitemple
D:5:      layout_cave_pools, gammafunk_temple_overflow_claw,
          gup_sewer_entry_pipe, minmay_misc_feat_tiny

Skill      XL: |  1  2  3  4 |
---------------+-------------+-----
Conjurations   | 5 6 |  6.1
Spellcasting   | 4 |  4.7
Dodging        | |  2.7
Stealth        | |  2.8

Action                     |  1- 3 |  4- 6 || total
---------------------------+-------+-------++-------
  Melee: Unarmed           |       |     6 ||     6
   Cast: Magic Dart        |    60 |    60 ||   120
         Blink             |       |     1 ||     1
    Use: Potion            |     3 |       ||     3
 Armour: Robe              |     1 |    20 ||    21
  Dodge: Dodged            |       |    12 ||    12
